AoeStats
← jeff224171

Arabia

509686036Analyzed
2v2 RM · 4d ago on Sep 27, 2026· 28m 12s· 4 players
Game mode
Random Map
Map size
Medium (4 player)
Population
200
Speed
Normal
Resources
Standard
Victory
Conquest
Starting age
Dark Age
Ending age
Imperial Age
RankedLock teamsTeams togetherTeam positionsShared explorationLock speedFull tech treeHidden civsTurbo modeCheats
Victory
Defeat
🇹🇼 Berbers · Taiwan
1308
+14
🇹🇼 Byzantines · Taiwan
1307
+14
🇫🇷 Khmer · France
1360
-17
🇫🇷 Saracens · France
1188
-11
Jean-Cloud
9:12 Feudal Age
9:11 Loom
10:55 Double-Bit Axe
17:34 Scale Barding Armor
19:03 Bloodlines
24:55 Castle Age
24:05 Horse Collar
24:17 Gold Mining
25:07 Light Cavalry
Skunq aka toxic
7:18 Loom
9:42 Feudal Age
14:42 Fletching
15:28 Horse Collar
15:36 Double-Bit Axe
25:21 Castle Age
24:55 Padded Archer Armor
25:27 Elite Skirmisher
26:21 Thumb Ring
28:23 Bodkin Arrow
jeff224171
5:03 Loom
8:57 Feudal Age
9:29 Double-Bit Axe
9:30 Horse Collar
23:17 Castle Age
22:00 Gold Mining
22:30 Scale Barding Armor
22:36 Forging
24:39 Wheelbarrow
24:26 Chain Barding Armor
24:19 Bloodlines
24:11 Husbandry
24:47 Bow Saw
25:10 Heavy Plow
25:18 Light Cavalry
27:47 Gold Shaft Mining
j79609
6:04 Loom
8:53 Feudal Age
9:25 Double-Bit Axe
14:07 Fletching
23:15 Castle Age
22:11 Padded Archer Armor
22:13 Gold Mining
23:18 Crossbowman
24:21 Bodkin Arrow
25:27 Wheelbarrow
26:12 Leather Archer Armor
26:31 Bow Saw
Connection lost

Rejoining the realm…

Still unreachable

The connection could not be restored.

Session expired

The server has moved on; the page needs a fresh start.